 Dungeon Crawl Stone Soup version 0.19-a0-892-g8a19e52 (webtiles) character file.

907 matakusis the Ducker (level 7, -5/56 HPs)
             Began as a Demonspawn Gladiator on July 4, 2016.
             Slain by Pikel
             ... wielding a +1 whip of electrocution
              (15 damage)
             ... on level 5 of the Dungeon.
             The game lasted 00:14:05 (3895 turns).

matakusis the Ducker (Demonspawn Gladiator)         Turns: 3895, Time: 00:14:05

Health: -5/56      AC:  7    Str: 15    XL:     7   Next: 81%
Magic:  7/7        EV: 13    Int:  9    God:
Gold:   265        SH:  8    Dex: 16    Spells: 0 memorised, 6 levels left

rFire  . . .     SeeInvis .     a - +0 long sword
rCold  . . .     Gourm    .     r - +1 leather armour {rPois}
rNeg   + . .     Faith    .     w - +0 shield
rPois  +         Spirit   .     c - +0 helmet
rElec  .         Dismiss  .     m - +0 cloak
rCorr  .         Reflect  .     (no gloves)
SustAt .         Harm     .     h - +0 pair of boots
MR     .....                    (no amulet)
Stlth  +.........               u - ring of poison resistance
                                e - ring of positive energy

@: not resistant to hostile enchantments, very unstealthy
A: claws 2, demonic guardian 1, powered by death 1
a: no special abilities


You were on level 5 of the Dungeon.
You were very hungry.

You visited 1 branch of the dungeon, and saw 5 of its levels.

You collected 265 gold pieces.

Inventory:

Hand Weapons
 a - a +0 long sword (weapon)
Armour
 c - a +0 helmet (worn)
 h - a +0 pair of boots (worn)
 m - a +0 cloak (worn)
 r - a +1 leather armour of poison resistance (worn)
 w - a +0 shield (worn)
Jewellery
 e - a ring of positive energy (left claw)
 n - an uncursed ring of flight
 q - an uncursed ring of magical power
 u - a ring of poison resistance (right claw)
Wands
 x - a wand of random effects (44/48)
Scrolls
 s - 2 scrolls of teleportation
 v - 2 scrolls of recharging
Potions
 b - a potion of magic {unknown}
 j - 2 potions of brilliance
 z - a potion of flight
Books
 i - a book of Fire

   Spells                             Type                      Level
   a - Ignite Poison                  Fire/Transmutation/Poison    3
   b - Fireball                       Conjuration/Fire             5
   c - Bolt of Fire                   Conjuration/Fire             6
   d - Delayed Fireball               Conjuration/Fire             7
   e - Ring of Flames                 Charms/Fire                  7
Comestibles
 f - 4 bread rations
 g - 8 fruits
 k - a slice of pizza
 p - 2 meat rations
 t - a royal jelly


   Skills:
 * Level 5.2 Fighting
 + Level 4.3 Long Blades
 - Level 1.7 Throwing
 * Level 6.4 Dodging
 * Level 0.8 Shields


You had 6 spell levels left.
You didn't know any spells.

Dungeon Overview and Level Annotations

Branches:
Dungeon (5/15)
 Temple: D:4-7

Altars:
Ashenzari
Gozag
Okawaru
Qazlal

Annotations:
D:5 Duvessa, Pikel


Innate Abilities, Weirdness & Mutations

You have very sharp fingernails.
A weak demonic guardian rushes to your aid.
You regenerate a little health from kills.


Message History

Aim: Pikel, wielding a whip of electrocution and wearing a runed robe (severely wounded)
You throw a throwing net. The throwing net misses Pikel.
The throwing net closely misses the ogre.
The throwing net barely misses the slave. x2
You hit Pikel but do no damage.
Pikel is severely wounded.
Pikel barely misses you.
You riposte.
You hit Pikel but do no damage.
Pikel is severely wounded.
Pikel hits you but does no damage.
You are electrocuted!
* * * LOW HITPOINT WARNING * * *
A slave comes into view.
You feel better.
The slave shouts!
Pikel hits you with a whip of electrocution.
* * * LOW HITPOINT WARNING * * *
The slave moves out of view.
You hit Pikel but do no damage.
Pikel is severely wounded.
Pikel hits you but does no damage.
You are electrocuted!
You die...

#..#.#.#.##.......
#.................
#.##.....########.
#......###...# .# #
######## #...# .#.##
#...## ####'#... #....#
#.......
##########....#####W...#
.........'....55@KOpp.(#
##########....#####p...#
#....# #....# #....#
#p...# #....# #....#
#....# ###..# ######
#..# #..# #..#


You could see Pikel, a phantom, an ogre, 3 slaves and 2 friendly white imps.

Vanquished Creatures
  A howler monkey (D:4)
  3 orc priests
  4 orc wizards
  2 worker ants
  5 adders
  2 oozes
  6 worms
  3 dart slugs
  4 giant geckos
  15 orcs
  6 giant cockroaches
  3 goblins
  7 hobgoblins
  5 jackals
  2 ball pythons
  7 bats
  3 giant newts
  7 kobolds
  8 rats
93 creatures vanquished.

Vanquished Creatures (collateral kills)
  Grinder (D:4)
  The ghost of matakusis the Ducker, an amateur DsGl (D:4)
  Menkaure (D:5)
  A howler monkey (D:4)
  An adder skeleton (D:4)
5 creatures vanquished.

Vanquished Creatures (others)
  A bat zombie (D:5)
  A giant newt (D:3)
  A plant (D:5)
3 creatures vanquished.

Grand Total: 101 creatures vanquished

Notes
Turn   | Place    | Note
-------+----------+-------------------------------------------
     0 | D:1      | matakusis the Demonspawn Gladiator began the quest for the Orb.
     0 | D:1      | Reached XP level 1. HP: 16/16 MP: 1/1
   150 | D:1      | Gained mutation: You regenerate a little health from kills. [demonic ancestry]
   150 | D:1      | Reached XP level 2. HP: 22/22 MP: 2/2
   364 | D:1      | Reached skill level 3 in Dodging
   796 | D:2      | Gained mutation: You occasionally shout uncontrollably at your foes. [potion of mutation]
   796 | D:2      | Gained mutation: Potions and wands are less effective at restoring your health. [potion of mutation]
   796 | D:2      | Gained mutation: Armour fits poorly on your strangely shaped body. [potion of mutation]
   797 | D:2      | Lost mutation: Potions and wands are less effective at restoring your health. [potion of cure mutation]
   797 | D:2      | Lost mutation: Armour fits poorly on your strangely shaped body. [potion of cure mutation]
   797 | D:2      | Lost mutation: You occasionally shout uncontrollably at your foes. [potion of cure mutation]
   806 | D:2      | Gained mutation: You have sharp fingernails. [demonic ancestry]
   806 | D:2      | Reached XP level 3. HP: 26/28 MP: 3/3
  1333 | D:3      | Gained mutation: A weak demonic guardian rushes to your aid. [demonic ancestry]
  1333 | D:3      | Reached XP level 4. HP: 35/35 MP: 4/4
  1541 | D:3      | Found a shattered altar of Ashenzari.
  1631 | D:3      | Gained mutation: Your mind is acute. (Int +2) [potion of mutation]
  1631 | D:3      | Gained mutation: Your body sometimes deteriorates upon taking damage. [potion of mutation]
  1631 | D:3      | Lost mutation: Your mind is acute. (Int +2) [potion of mutation]
  1655 | D:3      | Reached XP level 5. HP: 39/41 MP: 5/5
  1826 | D:3      | Reached skill level 4 in Dodging
  2071 | D:3      | Found a stormy altar of Qazlal.
  2083 | D:3      | Found an iron altar of Okawaru.
  2404 | D:4      | Reached XP level 6. HP: 41/48 MP: 6/6
  2413 | D:4      | Noticed matakusis's ghost (amateur DsGl)
  2432 | D:4      | Noticed Grinder
  2438 | D:4      | Killed matakusis's ghost
  2438 | D:4      | Reached skill level 5 in Dodging
  2450 | D:4      | Found an opulent altar of Gozag.
  2475 | D:4      | Killed Grinder
  2475 | D:4      | Gained mutation: You have very sharp fingernails. [demonic ancestry]
  2475 | D:4      | Reached XP level 7. HP: 32/55 MP: 7/7
  2487 | D:4      | Lost mutation: Your body sometimes deteriorates upon taking damage. [potion of cure mutation]
  2680 | D:4      | HP: 1/55 [something (3)]
  2681 | D:4      | Reached skill level 6 in Dodging
  3464 | D:5      | Entered Level 5 of the Dungeon
  3465 | D:5      | Noticed Duvessa
  3505 | D:5      | Noticed Menkaure
  3512 | D:5      | Killed Menkaure
  3512 | D:5      | Reached skill level 5 in Fighting
  3854 | D:5      | Noticed Pikel
  3895 | D:5      | Slain by Pikel

Vault maps used:
D:1:      dpeg_arrival_rhombus
D:3:      evilmike_ruin_ashenzari, nicolae_qazlal_eye_of_the_storm,
          lemuel_doored_altar
D:4:      grunt_gozag_statues, uniq_grinder
D:5:      kennysheep_kobold_camp, lemuel_zombie_altar_kikubaaqudgha,
          first_bread, uniq_duvessa, uniq_pikel, uniq_menkaure, uniq_eustachio

Skill      XL: |  1  2  3  4  5  6  7 |
---------------+----------------------+-----
Long Blades    | 3 4 |  4.3
Dodging        | 3 4 5 6 |  6.4
Fighting       | 3 4 5 |  5.2
Throwing       | |  1.7
Shields        | |  0.8

Action                   |  1- 3 |  4- 6 |  7- 9 || total
-------------------------+-------+-------+-------++-------
Melee: Long sword        |   141 |   160 |   145 ||   446
Throw: Throwing net      |       |       |     3 ||     3
  Use: Scroll            |    10 |     1 |     2 ||    13
       Potion            |     4 |     8 |     4 ||    16
 Stab: Sleeping          |       |     2 |       ||     2
       Distracted        |       |     1 |     1 ||     2
       Invisible         |       |       |     2 ||     2
       Held in net/web   |       |       |     1 ||     1
  Eat: Chunk             |     2 |     4 |     4 ||    10
Armor: Leather armour    |    45 |    38 |    28 ||   111
Dodge: Dodged            |    80 |    84 |    64 ||   228
Block: Shield            |       |       |    41 ||    41
